 Dungeon Crawl Stone Soup version 0.26.0-8-g74fc34ddfb (webtiles) character file.

Game seed: 13864493882069938333

79 raceaflais the Cudgeller (level 4, -2/61 HPs)
             Began as a Minotaur Berserker on Jan 12, 2021.
             Was a Follower of Uskayaw.
             Slain by a polar bear (18 damage)
             ... created by the rage of Trog
             ... on level 2 of the Dungeon.
             The game lasted 00:03:42 (2262 turns).

raceaflais the Cudgeller (Minotaur Berserker)       Turns: 2262, Time: 00:03:42

Health: -2/61      AC: 22    Str: 19 (21) XL:     4   Next: 17%
Magic:  2/2        EV:  2    Int:  4      God:    Uskayaw [*.....]
Gold:   90         SH:  0    Dex: 11      Spells: 3/3 levels left

rFire    . . .     SeeInvis .   j - +0 whip
rCold    . . .     Faith    .   (no shield)
rNeg     + + +     Spirit   .   (armour currently unavailable)
rPois    +         Reflect  .   (helmet currently unavailable)
rElec    .         Harm     .   (cloak currently unavailable)
rCorr    .         Rampage  .   (gloves currently unavailable)
Will     +....     NoTele   +   (boots currently unavailable)
Stlth    ++........             (no amulet)
HPRegen  0.60/turn              s - ring of stealth
MPRegen  0.08/turn              (no ring)

@: mighty, tree-form
A: (retaliatory headbutt), low mp 1, strong-willed 1, regeneration 1
a: Renounce Religion, Stomp


You were on level 2 of the Dungeon.
You worshipped Uskayaw.
Uskayaw was noncommittal.
You were a tree.
You visited 1 branch of the dungeon, and saw 2 of its levels.

You collected 90 gold pieces.

Inventory:

Hand Weapons
 a - a +0 mace
 j - a +0 whip (weapon)
Armour
 b - a +0 animal skin
 e - a +0 cloak (melded)
 f - a +0 plate armour (melded)
Magical Staves
 r - an uncursed staff of cold
Jewellery
 s - a ring of stealth (left branch)
Scrolls
 c - 2 scrolls of identify
 g - a scroll of remove curse
 i - a scroll of magic mapping
 l - a scroll of teleportation
 t - a scroll of amnesia
Potions
 d - a potion of magic {unknown}
 h - a potion of lignification
 k - a potion of degeneration {unknown}
 m - a potion of curing {unknown}
 n - 2 potions of attraction {unknown}
 o - a potion of ambrosia {unknown}
 q - 2 potions of mutation


   Skills:
 + Level 4.7 Fighting
 + Level 4.7 Maces & Flails
 + Level 3.1 Armour
 + Level 2.4 Dodging


You had 3 spell levels left.
You didn't know any spells.
Your spell library was empty.

Dungeon Overview and Level Annotations

Branches:
Dungeon (2/15)

Altars:
Uskayaw


Innate Abilities, Weirdness & Mutations

((You reflexively headbutt those who attack you in melee.))
((You have a pair of horns on your head.))
Your magical capacity is low. (-10% MP)
You are strong-willed. (Will+)
Your natural rate of healing is unusually fast.


Message History

The polar bear claws you but does no damage. x2
The black bear rages.
The black bear bites you but does no damage.
The black bear claws you but does no damage. x2
The polar bear bites you.
The polar bear claws you but does no damage. x2
It was a potion of might.
You feel very mighty all of a sudden.
You hear an angry growl.
The black bear bites you but does no damage.
The black bear claws you but does no damage.
The black bear claws you.
The black bear rages.
The polar bear bites you!
The polar bear claws you but does no damage. x2
You closely miss the polar bear. The black bear bites you.
* * * LOW HITPOINT WARNING * * *
The black bear claws you but does no damage.
The black bear barely misses you. The polar bear bites you!!
You die...

#.#.###.######.#.#
#.#.....# #.#.# #
#.#.###.# #.#.# #
#.#####.# #.#.# #
#.#.....# #.#.# #
#.#.##########.#.#
#
#.#........#..h..#
#
#.########.#.#h#.#
# #.# #.#.#♣### #
#)# #.#.#h#
###.#### #.#.#h#
.......# #.#.#.#
.......# #.#.#.#
.......# #.#.#.#
.......#####.#.#.#
.>...........#.#.#
.......#######.#.#


You could see a polar bear (berserk) and 3 black bears.

Vanquished Creatures
  Terence (D:2)
  An adder (D:2)
  A worm (D:2)
  A leopard gecko (D:2)
  9 bats
  5 giant cockroaches
  3 goblins
  4 hobgoblins
  3 jackals (D:2)
  2 frilled lizards (D:2)
  8 kobolds
  2 rats
40 creatures vanquished.

Notes
Turn   | Place    | Note
-------+----------+-------------------------------------------
     0 | D:1      | raceaflais the Minotaur Berserker began the quest for the
                  | Orb.
     0 | D:1      | Reached XP level 1. HP: 19/19 MP: 0/0
     6 | D:1      | Noticed a komodo dragon
     6 | D:1      | Noticed a queen ant
     7 | D:1      | Noticed a frost giant
   174 | D:1      | Reached XP level 2. HP: 27/27 MP: 1/1
   904 | D:2      | Noticed Terence
   917 | D:2      | Killed Terence
   918 | D:2      | Reached XP level 3. HP: 32/34 MP: 2/2
   990 | D:2      | Reached ** piety under Trog
  1125 | D:2      | Found a hide-covered altar of Uskayaw.
  1195 | D:2      | Fell from the grace of Trog
  1195 | D:2      | Became a worshipper of Uskayaw the Reveller
  1237 | D:2      | Reached * piety under Uskayaw
  1241 | D:2      | Reached XP level 4. HP: 41/41 MP: 3/3
  2255 | D:2      | Noticed a polar bear
  2255 | D:2      | Noticed a black bear
  2255 | D:2      | Noticed a black bear
  2255 | D:2      | Noticed a black bear
  2255 | D:2      | Noticed a black bear
  2257 | D:2      | Gained mutation: Your magical capacity is low. (-10% MP)
                  | [potion of mutation]
  2257 | D:2      | Gained mutation: You are strong-willed. (Will+) [potion of
                  | mutation]
  2257 | D:2      | Gained mutation: Your natural rate of healing is unusually
                  | fast. [potion of mutation]
  2262 | D:2      | Slain by a polar bear

Illustrated notes

Levels and vault maps discovered:
D:1:      onia_arrival_zoo_common, layout_basic, serial_aquarium,
          aquarium_bridge_long_joined [aquarium_subvault_bridge,
          aquarium_subvault_bridge, aquarium_subvault_wall,
          aquarium_subvault_balcony, aquarium_subvault_wall,
          aquarium_subvault_bridge], aquarium_window_double, aquarium_window_1,
          aquarium_window_1, aquarium_view_2c
D:2:      layout_basic, eat_drink_and_be_merry_uskayaw, uniq_terence

Skill      XL: |  1  2  3 |
---------------+----------+-----
Fighting       | 4 |  4.7
Maces & Flails | 4 |  4.7
Armour         | 3 |  3.1
Dodging        | |  2.4

Action                   |  1- 3 |  4- 6 || total
-------------------------+-------+-------++-------
Melee: Mace              |    16 |       ||    16
       Headbutt          |    18 |       ||    18
       Whip              |    80 |     7 ||    87
       Staff             |       |     1 ||     1
  Use: Scroll            |     1 |     5 ||     6
       Potion            |       |     3 ||     3
 Stab: Sleeping          |     1 |       ||     1
Armor: Plate armour      |    62 |       ||    62
       Animal skin       |     2 |       ||     2
       Skin              |       |    26 ||    26
Dodge: Dodged            |    42 |     5 ||    47
